 Dungeon Crawl Stone Soup version 0.32-a0-407-g4da7c8d6d1 (webtiles) character file.

Game seed: 3794336940843008627

879 senseless the Ruffian (level 7, 0/55 HPs)
             Began as a Demonspawn Shapeshifter on Feb 20, 2024.
             Was an Elder of Uskayaw.
             Slain by a black bear (10 damage)
             ... on level 6 of the Dungeon.
             The game lasted 00:09:12 (4505 turns).

senseless the Ruffian (Demonspawn Shapeshifter)     Turns: 4505, Time: 00:09:13

Health: 0/55       AC:  7    Str: 17    XL:     7   Next: 75%
Magic:  7/7        EV: 13    Int: 10    God:    Uskayaw [****..]
Gold:   166        SH:  0    Dex: 12    Spells: 6/6 levels left

rFire   . . .        i - +2 dagger (venom)
rCold   + . .        (no shield)
rNeg    . . .        t - +2 leather armour
rPois   .            (helmet currently unavailable)
rElec   .            (cloak currently unavailable)
rCorr   .            (gloves currently unavailable)
SInv    .            (boots currently unavailable)
Will    .....        (no amulet)
Stlth   +            v - ring of protection from cold
HPRegen 0.29/turn    (no ring)
MPRegen 0.10/turn

%: no passive effects
@: beast-form
A: beast (slay +2), claws 2, yellow scales 1, powered by pain 1
a: Begin Untransformation, Renounce Religion, Stomp, Line Pass


You were on level 6 of the Dungeon.
You worshipped Uskayaw.
Uskayaw was noncommittal.
You were a hulking beast.
You visited 1 branch of the dungeon, and saw 6 of its levels.

You collected 166 gold pieces.

Inventory:

Hand Weapons
 i - a +2 dagger of venom (weapon)
 x - a +4 dagger
Missiles
 h - 6 darts of dispersal
 p - 6 poisoned darts (quivered)
Armour
 a - a +0 animal skin
 k - a +0 helmet
 t - a +2 leather armour (worn)
 w - a +0 buckler
Jewellery
 v - a ring of protection from cold (left claw)
Talismans
 c - a beast talisman (active)
 d - a flux talisman
 z - a maw talisman
Wands
 f - a wand of flame (11)
Scrolls
 g - a scroll of immolation
 l - 2 scrolls of fear
 m - a scroll of teleportation
 q - a scroll of amnesia
 y - a scroll of vulnerability
Potions
 b - a potion of lignification
 e - a potion of magic {unknown}
 j - a potion of degeneration {unknown}
 n - a potion of haste {unknown}
 o - a potion of heal wounds {unknown}
 r - a potion of ambrosia {unknown}
 s - 3 potions of curing {unknown}
 u - a potion of berserk rage {unknown}


   Skills:
 + Level 4.3 Fighting
 + Level 4.3 Dodging
 + Level 4.8 Unarmed Combat
 + Level 4.5 Shapeshifting


You had 6 spell levels left.
You didn't know any spells.
Your spell library contained the following spells:

 Spells                   Type           Power      Damage    Failure   Level
 Apportation              Tloc           0%         N/A       43%         1
 Magic Dart               Conj           0%         1d3       43%         1
 Blink                    Tloc           0%         N/A       56%         2
 Call Imp                 Summ           0%         N/A       56%         2
 Jinxbite                 Hex            0%         N/A       56%         2
 Dazzling Flash           Conj/Hex       0%         N/A       80%         3
 Volatile Blastmotes      Fire/Tloc      0%         2d10      80%         3
 Alistair's Intoxication  Alch           0%         N/A       100%        5
 Starburst                Conj/Fire      0%         6d3       100%        6
 Maxwell's Capacitive Co  Air            0%         ∞         100%        8


Dungeon Overview and Level Annotations

Branches:
Dungeon (6/15)             Temple (0/1) D:5

Altars:
Uskayaw


Innate Abilities, Weirdness & Mutations

You are a hulking beast.
Your limbs bulge with bestial killing power. (Slay +2)
You have very sharp fingernails.
You are partially covered in yellow scales. (AC +2)
You sometimes gain a little power by taking damage.


Message History

The black bear barely misses you. The black bear claws you.
The black bear claws you but does no damage.
You barely miss the jelly.
The jelly is lightly wounded.
The black bear bites you.
The black bear claws you but does no damage.
The black bear barely misses you. The jelly barely misses you.
You hit the jelly.
Your claws burn!
* * * LOW HITPOINT WARNING * * *
The jelly is heavily wounded.
The black bear bites you.
* * * LOW HITPOINT WARNING * * *
The black bear claws you but does no damage.
The black bear barely misses you. The jelly closely misses you.
You hit the black bear.
The black bear is poisoned.
The black bear is lightly wounded.
The black bear bites you but does no damage.
The black bear misses you. The black bear barely misses you.
The jelly hits you but does no damage.
You puncture the black bear!
The black bear looks as sick as possible!
The black bear is moderately wounded.
The jelly hits you but does no damage.
The orc priest casts a cantrip, but nothing happens.
The black bear bites you.
* * * LOW HITPOINT WARNING * * *
The black bear misses you. x2
Uskayaw will force your foes to share their pain.
Uskayaw links your audience in an emotional bond!
You hit the jelly.
The jelly is poisoned.
Your claws burn!
* * * LOW HITPOINT WARNING * * *
The jelly is heavily wounded.
The black bear goes berserk!
The jelly misses you.
Unknown command.
You hit the jelly.
You kill the jelly!
The black bear is no longer sharing its pain.
The black bear bites you!
You die...
Your body falls in perfect tune with the rhythm.

##.....# #.....)#
#......# #......#
##.....# ##'#####
#......#
########h.....#
#....o)h......#
..'(...)##.....##
.##.....##.....#
#.....##........
##.#####........
... ......##. ...
......# ...
.......


You could see a black bear (berserk, extremely poisoned) and an orc priest (pain
bonded).

Vanquished Creatures
  2 black bears (D:4)
  A scorpion (D:4)
  A howler monkey (D:5)
  A hound (D:5)
  2 jellies
  An orc priest (D:6)
  3 bombardier beetles
  3 orc wizards (D:5)
  3 iguanas
  2 sleepcaps
  7 adders
  An ufetubus (D:6)
  A dart slug (D:3)
  12 orcs
  5 ball pythons
  7 endoplasms
  A giant cockroach (D:1)
  5 goblins
  9 hobgoblins
  8 kobolds
  5 quokkas
  A bat (D:2)
  4 frilled lizards
  5 rats
90 creatures vanquished.

Notes
Turn   | Place    | Note
-------+----------+-------------------------------------------
     0 | D:1      | senseless the Demonspawn Shapeshifter began the quest for
                  | the Orb.
     0 | D:1      | Reached XP level 1. HP: 15/15 MP: 1/1
   195 | D:1      | Gained mutation: You sometimes gain a little power by
                  | taking damage. [demonic ancestry]
   195 | D:1      | Reached XP level 2. HP: 21/21 MP: 2/2
   639 | D:1      | Reached XP level 3. HP: 26/26 MP: 3/3
  1057 | D:1      | Found a faded altar of an unknown god.
  1063 | D:1      | Prayed at the altar of an unknown god.
  1063 | D:1      | Became a worshipper of Uskayaw the Reveller
  1063 | D:1      | Reached * piety under Uskayaw
  1389 | D:2      | Gained mutation: You are partially covered in yellow
                  | scales. (AC +2) [demonic ancestry]
  1389 | D:2      | Reached XP level 4. HP: 25/33 MP: 4/4
  2486 | D:4      | Gained mutation: You have sharp fingernails. [demonic
                  | ancestry]
  2486 | D:4      | Reached XP level 5. HP: 30/39 MP: 5/5
  2946 | D:4      | Noticed a black bear
  2953 | D:4      | Reached ** piety under Uskayaw
  2955 | D:4      | Killed a black bear
  2956 | D:4      | Reached XP level 6. HP: 33/47 MP: 6/6
  3422 | D:5      | Entered Level 5 of the Dungeon
  3460 | D:5      | Gained mutation: You have very sharp fingernails. [demonic
                  | ancestry]
  3460 | D:5      | Reached XP level 7. HP: 16/52 MP: 7/7
  4141 | D:5      | Found a staircase to the Ecumenical Temple.
  4498 | D:6      | Reached *** piety under Uskayaw
  4503 | D:6      | Reached **** piety under Uskayaw
  4505 | D:6      | Slain by a black bear

Illustrated notes

Levels and vault maps discovered:
D:1:      scummos_arrival_gate, layout_basic,
          shapermc_ecumenical_altar_hornbeckon, minmay_pentomino_x2
D:2:      layout_loops_cross, nicolae_houndstooth_variations
D:3:      layout_rooms, chequers_garden, amcnicky_mini_rare_corridor_liquid
D:4:      layout_loops_ring
D:5:      layout_rooms, minmay_temple_entry_antechambers
D:6:      nicolae_whirlpool, layout_gridville

Skill      XL: |  1  2  3  4  5  6  7 |
---------------+----------------------+-----
Dodging        | 2 3 4 |  4.3
Unarmed Combat | 3 4 |  4.8
Shapeshifting  | 3 4 |  4.5
Fighting       | 2 3 4 |  4.3

Action                     |  1- 3 |  4- 6 |  7- 9 || total
---------------------------+-------+-------+-------++-------
  Melee: Unarmed           |    29 |       |       ||    29
         Dagger            |    53 |   118 |   105 ||   276
  Throw: Dart              |       |    14 |     6 ||    20
    Use: Scroll            |       |     9 |       ||     9
         Potion            |       |     1 |       ||     1
   Stab: Sleeping          |     4 |       |       ||     4
         Paralysed         |       |       |     1 ||     1
 Armour: Animal skin       |    36 |    15 |       ||    51
         Leather armour    |       |    57 |    88 ||   145
         Skin              |       |    19 |     7 ||    26
  Dodge: Dodged            |    37 |    63 |    73 ||   173
  Block: Buckler           |       |     4 |       ||     4

Table legend: (Time is in decaauts)
 A = Elapsed time spent in this place.
 B = Non-inter-level travel time spent in this place.
 C = Inter-level travel time spent in this place.
 D = Time resting spent in this place.
 E = Time spent auto-exploring this place.
 F = Levels seen in this place.
 G = Mean time per level.
                   A        B        C        D        E       F      G
               +--------+--------+--------+--------+--------+-----+--------+
         Total |   4509 |   4424 |     85 |    161 |   3537 |   6 |  751.5 |
       Dungeon |   4509 |   4424 |     85 |    161 |   3537 |   6 |  751.5 |
               +--------+--------+--------+--------+--------+-----+--------+

Top non-repeatable levels by time:
     D:1: 1252 daAuts
     D:5: 1040 daAuts
     D:4: 949 daAuts
     D:2: 798 daAuts
     D:3: 428 daAuts
     D:6: 40 daAuts
